 Dungeon Crawl Stone Soup version 0.22-a0-448-g1fb7470 (webtiles) character file.

11 Hook the Sneak (level 2, -1/16 HPs)
             Began as a Kobold Enchanter on June 4, 2018.
             Slain by a jackal (2 damage)
             ... on level 1 of the Dungeon.
             The game lasted 00:01:39 (391 turns).

Hook the Sneak (Kobold Enchanter)                    Turns: 391, Time: 00:01:40

Health: -1/16      AC:  2    Str:  5    XL:     2   Next: 35%
Magic:  1/5        EV: 15    Int: 16    God:
Gold:   16         SH:  0    Dex: 15    Spells: 2/5 levels left

rFire    . . .     SeeInvis .   a - +1 dagger
rCold    . . .     Gourm    .   (shield restricted)
rNeg     . . .     Faith    .   b - +0 robe
rPois    .         Spirit   .   (no helmet)
rElec    .         Reflect  .   (no cloak)
rCorr    .         Harm     .   (no gloves)
MR       .....                  (no boots)
Stlth    +++.......             (no amulet)
HPRegen  0.05/turn              (no ring)
MPRegen  0.09/turn              (no ring)

@: no status effects
A: small, carnivore
a: no special abilities


You were on level 1 of the Dungeon.
You were very full.

You visited 1 branch of the dungeon, and saw 1 of its levels.

You collected 16 gold pieces.

Inventory:

Hand Weapons
 a - a +1 dagger (weapon)
Missiles
 e - 17 bolts
Armour
 b - a +0 robe (worn)
Jewellery
 f - an uncursed ring of poison resistance {unknown}
Scrolls
 g - a scroll of magic mapping {unknown}
Potions
 c - a potion of heal wounds {unknown}
 h - a potion of curing {unknown}
Comestibles
 d - 2 rations


   Skills:
 * Level 0.7 Fighting
 + Level 1.3 Short Blades
 * Level 2.8 Dodging
 + Level 4.2 Stealth
 + Level 2.3 Spellcasting
 + Level 3.0 Hexes


You had 2 spell levels left.
You knew the following spells:

 Your Spells              Type           Power        Failure   Level  Hunger
a - Corona                Hex            ##.....      5%          1    #......
b - Ensorcelled Hibernat  Hex/Ice        #.....       16%         2    ###....

Your spell library contained the following spells:

 Spells                   Type           Power        Failure   Level  Hunger
 Confuse                  Hex            ##......     17%         3    ###....
 Tukima's Dance           Hex            ##......     17%         3    ###....
 Dazzling Spray           Conj/Hex       #.....       32%         3    ###....


Dungeon Overview and Level Annotations

Branches:
Dungeon (1/15)

Altars:


Innate Abilities, Weirdness & Mutations

You are small and have problems with some larger weapons.
You are carnivorous and can eat meat at any time.


Message History

The jackal closely misses you. The jackal bites you.
* * * LOW HITPOINT WARNING * * *
You closely miss the jackal.
The jackal is heavily wounded.
The jackal bites you.
* * * LOW HITPOINT WARNING * * *
The jackal barely misses you. The jackal bites you.
* * * LOW HITPOINT WARNING * * *
You hit the jackal but do no damage.
The jackal is heavily wounded.
The jackal completely misses you.
The jackal bites you but does no damage.
The jackal closely misses you.
You hit the jackal.
The jackal is almost dead.
The jackal barely misses you. The jackal misses you.
You hit the jackal but do no damage.
The jackal is almost dead.
The jackal barely misses you. The jackal bites you.
You die...

#### #... #... ###### #...
#....## #######... #.....#
#....##...
##.....########.##.##...
#.)...†.#.....#.....#...
###.##..h@#)###.#..#..##.#
######...#####.h.###.#..#.....#
+..............................
######..........#....#....#####
#.########.#.####....... #..
#.#.# #...#..)# #... .....
#####.#.. ...[. ....# #..
.....# .....


You could see 2 jackals.

Vanquished Creatures
  A leopard gecko (D:1)
  A giant cockroach (D:1)
  A hobgoblin (D:1)
  2 jackals (D:1)
  A bat (D:1)
  A frilled lizard (D:1)
  A kobold (D:1)
  2 rats (D:1)
10 creatures vanquished.

Notes
Turn   | Place    | Note
-------+----------+-------------------------------------------
     0 | D:1      | Hook the Kobold Enchanter began the quest for the Orb.
     0 | D:1      | Reached XP level 1. HP: 10/10 MP: 3/3
   151 | D:1      | Reached XP level 2. HP: 16/16 MP: 3/5
   175 | D:1      | Learned a level 2 spell: Ensorcelled Hibernation
   391 | D:1      | Slain by a jackal

Vault maps used:
D:1:      dpeg_arrival_renting

Action                   || total
-------------------------++-------
Melee: Dagger            ||    29
 Cast: Corona            ||     4
       Ensorcelled Hiber ||     2
 Stab: Sleeping          ||     6
  Eat: Chunk             ||     5
Armor: Robe              ||     3
Dodge: Dodged            ||    26

Table legend:
 A = Spawn XP
 B = Non-spawn XP
 C = Spawn XP percentage of total XP
 D = Spawn monster count
 E = Non-spawn monster count
 F = Spawn count percentage of total count
 G = Total turns spent on level
                    A         B        C        D         E        F      G
               +---------+---------+-------+---------+---------+-------+---------
         Total |       0 |      16 |   0.0 |       0 |      10 |   0.0 |   391
               +---------+---------+-------+---------+---------+-------+---------
           D:1 |       0 |      16 |   0.0 |       0 |      10 |   0.0 |   391
               +---------+---------+-------+---------+---------+-------+---------
